 Dungeon Crawl Stone Soup version 0.29.1-14-g9c671dbff4 (webtiles) character file.

Game seed: 14086979244907217584

72 KittyFluff the Cudgeller (level 4, 0/29 HPs)
             Began as a Gargoyle Berserker on Feb 16, 2023.
             Was a Believer of Trog.
             Slain by a goblin
             ... wielding a +0 dagger
             ... led by Robin
              (3 damage)
             ... on level 2 of the Dungeon.
             The game lasted 00:06:29 (1775 turns).

KittyFluff the Cudgeller (Gargoyle Berserker)       Turns: 1775, Time: 00:06:30

Health: 0/29       AC:  6    Str: 20    XL:     4   Next: 25%
Magic:  4/4        EV: 11    Int:  8    God:    Trog [**....]
Gold:   86         SH:  0    Dex: 11    Spells: 3/3 levels left

rFire   . . .      SeeInvis .   a - +0 mace
rCold   . . .      Faith    .   (no shield)
rNeg    + . .      Spirit   .   n - +0 leather armour
rPois   ∞          Reflect  .   (no helmet)
rElec   +          Harm     .   (no cloak)
rCorr   .          Rampage  .   (no gloves)
Will    .....                   (no boots)
Stlth   +.........              (no amulet)
HPRegen 0.09/turn               (no ring)
MPRegen 0.09/turn               (no ring)

@: no status effects
A: sickness immunity, AC +3, negative energy resistance 1, electricity
resistance, torment resistance 1, petrification resistance
a: Renounce Religion, Berserk, Trog's Hand


You were on level 2 of the Dungeon.
You worshipped Trog.
Trog was pleased with you.
You visited 1 branch of the dungeon, and saw 2 of its levels.

You collected 86 gold pieces.

Inventory:

Hand Weapons
 a - a +0 mace (weapon)
 k - a +0 flail
Missiles
 e - 3 stones (quivered)
Armour
 l - a +0 ring mail
 n - a +0 leather armour (worn)
Jewellery
 h - a ring of fire
Scrolls
 b - a scroll of amnesia {unknown}
 c - a scroll of magic mapping {unknown}
 f - a scroll of teleportation {unknown}
 j - a scroll of blinking {unknown}
 m - a scroll of vulnerability {unknown}
 o - a scroll of fear {unknown}
Potions
 g - a potion of flight {unknown}


   Skills:
 + Level 3.9 Fighting
 + Level 3.9 Maces & Flails
 * Level 2.9 Armour
 + Level 1.9 Dodging
 + Level 0.1 Stealth


You had 3 spell levels left.
You didn't know any spells.
Your spell library was empty.

Dungeon Overview and Level Annotations

Branches:
Dungeon (2/15)

Altars:

Shops:
D:1 ?:[(

Annotations:
D:2 Robin


Innate Abilities, Weirdness & Mutations

You are immune to sickness and miasma.
Your stone body is resilient. (AC +3)
You are immune to poison.
You resist negative energy. (rN+)
You are resistant to electric shocks. (rElec)
You are resistant to unholy torment.
You are immune to petrification.


Message History

You hit the endoplasm.
You kill the endoplasm!
Trog accepts your kill.
Robin of the Strong Arm comes into view.
They are wielding a +0 trident.
The goblin shoots a sling bullet.
The sling bullet hits you.
A goblin opens the door.
A goblin comes into view. It is wielding a +0 dagger.
A hobgoblin comes into view. 2 goblins come into view.
The goblin shouts! x2; You hear a shout!
Robin throws the goblin at you!
A goblin comes into view. It is wielding a +0 dagger.
The goblin closely misses you.
A goblin comes into view. It is wielding a +0 club.
A goblin comes into view. It is wielding a +0 dagger.
The goblin shoots a sling bullet.
The sling bullet closely misses you.
The goblin moves out of view.
The goblin attacks as you move away! The goblin barely misses you.
Robin throws the goblin at you!
A goblin comes into view. It is wielding a +0 club. x2
The goblin completely misses you.
You closely miss the goblin.
Robin roars a battlecry!
The goblins go into a battle-frenzy!
The goblin hits you with a +0 dagger. x2
* * * LOW HITPOINT WARNING * * *
Robin throws the goblin at you! The goblin hits you with a +0 dagger.
* * * LOW HITPOINT WARNING * * *
The goblin barely misses you.
This is a scroll of acquirement!
Something appears at your feet! The goblin hits you with a +0 dagger.
* * * LOW HITPOINT WARNING * * *
The goblin barely misses you. The goblin hits you but does no damage.
The air fills with toxic fumes!
As you read the scroll labelled MUTAWKULA, it crumbles to dust.
It was a scroll of poison.
The goblin barely misses you. x2
The goblin closely misses you.
The goblin shoots a sling bullet.
The sling bullet misses you. The goblin hits you with a +0 dagger.
You die...

#...#
#§§.§§#§.##.#
#...# §
#§§##§§#.##.#
....#
§§#§§§§§§.§§..#
+....
..§.§§§§§#§#..#
...
g.#g§§#§#§....#
..gg§gg§§.....#
+.g#g#.g##.####
..#g.g#g##.#
§§.§§§§@g§§#
§§##§#§§#### .
#.§§§# ...§§§§#
##§#§#§#
#§§§### ###§ ##


You could see Robin, a hobgoblin (strong) and 9 goblins.

Vanquished Creatures
  Terence (D:2)
  A worm (D:2)
  2 ball pythons (D:1)
  4 endoplasms
  5 giant cockroaches
  3 goblins
  2 hobgoblins (D:1)
  4 jackals (D:1)
  3 quokkas
  4 bats
  2 frilled lizards (D:1)
  2 kobolds
  7 rats
40 creatures vanquished.

Notes
Turn   | Place    | Note
-------+----------+-------------------------------------------
     0 | D:1      | KittyFluff the Gargoyle Berserker began the quest for the
                  | Orb.
     0 | D:1      | Reached XP level 1. HP: 14/14 MP: 1/1
   162 | D:1      | Reached XP level 2. HP: 13/19 MP: 2/2
   362 | D:1      | Found Roijoele's Weapon Shop.
   372 | D:1      | Found Cyqaggo's Antique Armour Shoppe.
   423 | D:1      | Found Elaemar's Book Shop.
   788 | D:1      | Found Plog's Magic Scroll Shop.
   808 | D:1      | Reached XP level 3. HP: 24/24 MP: 3/3
   915 | D:1      | Found a faded altar of an unknown god.
  1355 | D:2      | Noticed Terence
  1367 | D:2      | Killed Terence
  1368 | D:2      | Reached XP level 4. HP: 18/29 MP: 4/4
  1650 | D:2      | Reached ** piety under Trog
  1768 | D:2      | Noticed Robin
  1773 | D:2      | Identified a scroll of acquirement
  1773 | D:2      | Acquired the ring of Siew {Fly rF+ Int+3 Dex+4}
  1775 | D:2      | Slain by a goblin

Illustrated notes

Levels and vault maps discovered:
D:1:      dpeg_arrival_oval, layout_basic, shapermc_ecumenical_altar_notcrosses,
          serial_shops, shop, shop, nicolae_shop_advertising_works
          [nicolae_subvault_shop_adworks], nicolae_shop_trees
D:2:      layout_basic, columned_hall_lemuel, st_stairs_4,
          amcnicky_mini_pool_small, minivault_24,
          hangedman_abyss_or_decor_lesser_grid, grunt_ministairs_4, uniq_robin,
          uniq_terence

Action                   |  1- 3 |  4- 6 || total
-------------------------+-------+-------++-------
Melee: Mace              |   114 |    19 ||   133
       Punch             |     2 |     1 ||     3
Throw: Stone             |     1 |       ||     1
  Use: Scroll            |       |     2 ||     2
Armor: Animal skin       |    41 |       ||    41
       Leather armour    |       |    10 ||    10
Dodge: Dodged            |    97 |    17 ||   114
